[Event "Bundesliga-Heidelberg"]
[Site "Heidelberg/Germany"]
[Date "2009.12.11"]
[Round "7.2"]
[White "Svetushkin"]
[Black "Movsesian"]
[Result "1/2-1/2"]
[ECO "E46"]
[WhiteElo "2570"]
[BlackElo "2711"]
[Annotator "Robot 3"]
[PlyCount "76"]
[EventDate "2009.??.??"]
[WhiteTeam "HDS"]
[BlackTeam "BAD"]
[TimeControl "40/6000+30:20/3000+30:900+30"]

1. d4 Nf6 2. c4 e6 3. Nc3 Bb4 4. e3 O-O 5. Nge2 d5 6. a3 Be7 7. Nf4 b6 8. cxd5
exd5 9. Be2 Bb7 10. Bf3 c6 11. O-O Bd6 12. e4 dxe4 13. Nxe4 Nxe4 14. Bxe4 Nd7
15. g3 Nf6 16. Bg2 Qd7 17. Nh5 Nxh5 18. Qxh5 c5 19. dxc5 Bxg2 20. Kxg2 Bxc5 21.
Rd1 Qc6+ 22. Qf3 Qxf3+ 23. Kxf3 Rfd8 24. Bf4 Kf8 25. b4 Be7 26. Ke4 Re8 27. Kf3
Red8 28. Rxd8+ Rxd8 29. Ke4 a5 30. bxa5 bxa5 31. a4 Bf6 32. Ra2 Rd4+ 33. Kf3
Rc4 34. Re2 g5 35. Bd6+ Kg7 36. Re4 Rc6 37. Bb8 h5 38. h3 Kg6 1/2-1/2

[Event "Bundesliga-Heidelberg"]
[Site "Heidelberg/Germany"]
[Date "2009.12.11"]
[Round "7.4"]
[White "Gerigk"]
[Black "Vallejo Pons"]
[Result "1/2-1/2"]
[ECO "B12"]
[WhiteElo "2335"]
[BlackElo "2696"]
[Annotator "Robot 3"]
[PlyCount "70"]
[EventDate "2009.??.??"]
[WhiteTeam "HDS"]
[BlackTeam "BAD"]
[TimeControl "40/6000+30:20/3000+30:900+30"]

1. e4 c6 2. d4 d5 3. e5 Bf5 4. Nc3 a6 5. Nce2 e6 6. Ng3 Bg6 7. h4 h6 8. h5 Bh7
9. Bd3 Bxd3 10. Qxd3 c5 11. dxc5 Bxc5 12. Nf3 Ne7 13. O-O Nd7 14. Bf4 Qc7 15.
Rfe1 O-O-O 16. Be3 Nc6 17. Bxc5 Nxc5 18. Qe2 Kb8 19. Rab1 d4 20. b4 d3 21. Qd2
dxc2 22. Qxc2 Nd3 23. Re3 Ndxb4 24. Qa4 Nd5 25. Ra3 Ka8 26. Ne4 Rb8 27. Rc1 Qb6
28. Nd6 Nxe5 29. Nxe5 Qxd6 30. Nxf7 Qf4 31. Qxf4 Nxf4 32. Rc4 Ne2+ 33. Kf1 Rhf8
34. Rf3 b5 35. Re4 Nc3 1/2-1/2

[Event "Bundesliga-Heidelberg"]
[Site "Heidelberg/Germany"]
[Date "2009.12.11"]
[Round "7.5"]
[White "Nielsen"]
[Black "Schwalfenberg"]
[Result "1-0"]
[ECO "D93"]
[WhiteElo "2687"]
[BlackElo "2317"]
[Annotator "Robot 3"]
[PlyCount "81"]
[EventDate "2009.??.??"]
[WhiteTeam "BAD"]
[BlackTeam "HDS"]
[TimeControl "40/6000+30:20/3000+30:900+30"]

1. d4 d5 2. c4 c6 3. Nf3 Nf6 4. Nc3 g6 5. Bf4 Bg7 6. e3 O-O 7. h3 Nbd7 8. Rc1
dxc4 9. Bxc4 Nb6 10. Bb3 Nbd5 11. Nxd5 Nxd5 12. Bh2 e6 13. O-O Ne7 14. Ne5 Kh8
15. Qc2 Nf5 16. Rfd1 f6 17. Nf3 Ne7 18. e4 Bh6 19. Rb1 Bd7 20. Bd6 Re8 21. h4
Qa5 22. Qc5 Qd8 23. Re1 b6 24. Qc3 Bg7 25. Rbd1 a5 26. a4 Rc8 27. Qe3 Ng8 28.
e5 f5 29. Ng5 Nh6 30. Qf4 Kg8 31. Re3 Nf7 32. Nxf7 Kxf7 33. h5 Rg8 34. Rh3 Bf8
35. hxg6+ hxg6 36. Rh7+ Rg7 37. Rh8 Rg8 38. Rxg8 Kxg8 39. Rd3 Bxd6 40. Qh6 Bf8
41. Qxg6+ 1-0

[Event "Bundesliga-Heidelberg"]
[Site "Heidelberg/Germany"]
[Date "2009.12.11"]
[Round "7.3"]
[White "Naiditsch"]
[Black "Gurevic"]
[Result "1-0"]
[ECO "B28"]
[WhiteElo "2685"]
[BlackElo "2470"]
[Annotator "Robot 3"]
[PlyCount "109"]
[EventDate "2009.??.??"]
[WhiteTeam "BAD"]
[BlackTeam "HDS"]
[TimeControl "40/6000+30:20/3000+30:900+30"]

1. e4 c5 2. Nf3 a6 3. c3 d5 4. exd5 Qxd5 5. d4 Nf6 6. Be2 cxd4 7. cxd4 e6 8.
Nc3 Qd8 9. Ne5 Nbd7 10. O-O Be7 11. Bf3 O-O 12. Be3 Nb6 13. Qb3 Nfd5 14. a4 a5
15. Rfd1 Qd6 16. Qb5 Rd8 17. Bd2 Bd7 18. Nxd7 Qxd7 19. Nxd5 Nxd5 20. Bxa5 Qxb5
21. axb5 Rdc8 22. Kf1 Bd6 23. b3 Kf8 24. Be1 Rxa1 25. Rxa1 Ke7 26. Ra7 Rb8 27.
Ke2 Kd7 28. Kd3 g6 29. g3 Bc7 30. Bd2 Bb6 31. Ra4 Bc7 32. Ra1 Bd6 33. g4 Kc7
34. Ba5+ Kd7 35. h4 Ra8 36. Ra4 Nf4+ 37. Kc2 Nd5 38. Bd2 Rc8+ 39. Kd3 Re8 40.
Ra5 Rb8 41. h5 Bc7 42. Ra1 Bd6 43. hxg6 hxg6 44. Rh1 Rc8 45. Be4 Be7 46. Rh7
Ke8 47. f4 Rd8 48. f5 gxf5 49. gxf5 Rd6 50. Bc1 Rb6 51. fxe6 fxe6 52. Kc4 Nc7
53. Bg6+ Kd8 54. Bd2 Rxb5 55. Rh8+ 1-0

[Event "Bundesliga-Heidelberg"]
[Site "Heidelberg/Germany"]
[Date "2009.12.11"]
[Round "7.6"]
[White "Vatter"]
[Black "Gustafsson"]
[Result "1/2-1/2"]
[ECO "C54"]
[WhiteElo "2321"]
[BlackElo "2622"]
[Annotator "Robot 3"]
[PlyCount "84"]
[EventDate "2009.??.??"]
[WhiteTeam "HDS"]
[BlackTeam "BAD"]
[TimeControl "40/6000+30:20/3000+30:900+30"]

1. e4 e5 2. Nf3 Nc6 3. Bc4 Nf6 4. d3 Bc5 5. c3 d6 6. Bb3 a6 7. h3 Ba7 8. Nbd2
O-O 9. O-O h6 10. Re1 Re8 11. Nf1 Be6 12. Be3 Bxe3 13. Nxe3 Qd7 14. Nh4 Bxb3
15. axb3 Qe6 16. Nhf5 Kh7 17. Ng4 Ne7 18. Nxe7 Rxe7 19. Nxf6+ Qxf6 20. b4 Rae8
21. Qg4 c6 22. Re3 Qe6 23. Qxe6 Rxe6 24. Rd1 d5 25. f3 Kg6 26. Kf2 h5 27. Ree1
h4 28. Rg1 Rd8 29. Ke3 Red6 30. g3 hxg3 31. Rxg3+ Kf6 32. Rg4 Rh8 33. h4 Ke7
34. d4 exd4+ 35. Rxd4 Re6 36. Kf2 dxe4 37. Rdxe4 g6 38. Rxe6+ Kxe6 39. Re4+ Kd6
40. Rd4+ Ke6 41. Re4+ Kd6 42. Rd4+ Ke5 1/2-1/2

[Event "Bundesliga-Heidelberg"]
[Site "Heidelberg/Germany"]
[Date "2009.12.11"]
[Round "7.7"]
[White "Dautov"]
[Black "Nippgen"]
[Result "1-0"]
[ECO "E11"]
[WhiteElo "2596"]
[BlackElo "2249"]
[Annotator "Robot 3"]
[PlyCount "66"]
[EventDate "2009.??.??"]
[WhiteTeam "BAD"]
[BlackTeam "HDS"]
[TimeControl "40/6000+30:20/3000+30:900+30"]

1. d4 Nf6 2. c4 e6 3. Nf3 Bb4+ 4. Bd2 a5 5. g3 Nc6 6. Bg2 d5 7. a3 Bxd2+ 8.
Nbxd2 O-O 9. O-O Ne4 10. Rc1 f5 11. e3 a4 12. Qc2 Bd7 13. cxd5 exd5 14. b4 Rc8
15. Rfd1 Na7 16. Ne5 Nb5 17. Qxa4 Nec3 18. Qb3 Ne2+ 19. Kf1 Nxc1 20. Qxd5+ Kh8
21. Qxd7 Qxd7 22. Nxd7 Nd3 23. Nxf8 Nc3 24. Ra1 Rxf8 25. Bxb7 g5 26. Ba6 Nb2
27. Rc1 Nba4 28. Bd3 f4 29. gxf4 gxf4 30. e4 Rd8 31. Nf3 Kg7 32. Ke1 Re8 33.
Ne5 Rh8 1-0

[Event "Bundesliga-Heidelberg"]
[Site "Heidelberg/Germany"]
[Date "2009.12.11"]
[Round "7.8"]
[White "Roos"]
[Black "Schlosser"]
[Result "0-1"]
[ECO "B30"]
[WhiteElo "2260"]
[BlackElo "2555"]
[Annotator "Robot 3"]
[PlyCount "78"]
[EventDate "2009.??.??"]
[WhiteTeam "HDS"]
[BlackTeam "BAD"]
[TimeControl "40/6000+30:20/3000+30:900+30"]

1. e4 c5 2. Nc3 Nc6 3. Bb5 Nf6 4. Nf3 Qc7 5. O-O Nd4 6. a4 a6 7. Bc4 e6 8. d3
Ng4 9. g3 Nxf3+ 10. Qxf3 Ne5 11. Qe2 b6 12. Be3 Bb7 13. Bb3 Be7 14. f4 Nc6 15.
Qf2 O-O-O 16. f5 Kb8 17. Bf4 Ne5 18. fxe6 fxe6 19. Qe2 Rdf8 20. Be3 Rf6 21.
Rxf6 gxf6 22. Bf4 h5 23. h4 Bd6 24. Rf1 Nc6 25. Bc4 Nd4 26. Qd1 Rg8 27. Kh2 Rg4
28. Qc1 f5 29. Kh3 Be5 30. Rf2 Ka7 31. Nd1 fxe4 32. Ne3 Bxf4 33. gxf4 Rxf4 34.
Nd5 Rxh4+ 35. Kxh4 exd5 36. Ba2 Nf3+ 37. Kxh5 Qg3 38. Rf1 d4 39. Kh6 e3 0-1

[Event "Bundesliga-Erfurt"]
[Site "Erfurt/Germany"]
[Date "2009.12.11"]
[Round "7.4"]
[White "Votava"]
[Black "Renner"]
[Result "1-0"]
[ECO "D35"]
[WhiteElo "2561"]
[BlackElo "2431"]
[Annotator "Robot 3"]
[PlyCount "53"]
[EventDate "2009.??.??"]
[WhiteTeam "ERF"]
[BlackTeam "BAY"]
[TimeControl "40/6000+30:20/3000+30:900+30"]

1. c4 e6 2. d4 d5 3. Nc3 Be7 4. cxd5 exd5 5. Bf4 Nf6 6. e3 O-O 7. Bd3 c5 8.
dxc5 Bxc5 9. Nge2 Nc6 10. O-O Be6 11. Rc1 a6 12. Na4 Ba7 13. Nd4 Nxd4 14. exd4
Rc8 15. Nc5 Qe7 16. b4 Ne4 17. Qe2 Bxc5 18. bxc5 Qh4 19. Qe3 h6 20. f3 Ng5 21.
Bg3 Qh5 22. h4 Nh7 23. Bf2 Nf6 24. Qf4 Rce8 25. Rfe1 Bc8 26. Rxe8 Rxe8 27. Re1
1-0

[Event "Bundesliga-Erfurt"]
[Site "Erfurt/Germany"]
[Date "2009.12.11"]
[Round "7.3"]
[White "Boensch"]
[Black "Casper"]
[Result "1/2-1/2"]
[ECO "E94"]
[WhiteElo "2511"]
[BlackElo "2395"]
[Annotator "Robot 3"]
[PlyCount "73"]
[EventDate "2009.??.??"]
[WhiteTeam "BAY"]
[BlackTeam "ERF"]
[TimeControl "40/6000+30:20/3000+30:900+30"]

1. d4 Nf6 2. c4 d6 3. Nf3 Nbd7 4. Nc3 e5 5. e4 g6 6. Be2 Bg7 7. O-O O-O 8. Qc2
Re8 9. Rd1 c6 10. d5 c5 11. a3 Nh5 12. g3 Bf8 13. b4 b6 14. Ne1 Ng7 15. Nd3 f5
16. f3 Nf6 17. bxc5 bxc5 18. Nf2 Bd7 19. Rb1 Rb8 20. Rxb8 Qxb8 21. Bg5 Be7 22.
Rb1 Qc7 23. Bd2 Rb8 24. Nb5 Qb7 25. Bd1 Qa6 26. Rb3 Rc8 27. Qb2 fxe4 28. fxe4
Rf8 29. Be2 Bd8 30. Qc3 Nge8 31. a4 Kg7 32. a5 Ng8 33. Kg2 Nef6 34. Qc1 Rf7 35.
Bc3 Nh6 36. h3 Rf8 37. Qd2 1/2-1/2

[Event "Bundesliga-Erfurt"]
[Site "Erfurt/Germany"]
[Date "2009.12.11"]
[Round "7.1"]
[White "Bromberger"]
[Black "Romanov"]
[Result "1/2-1/2"]
[ECO "D17"]
[WhiteElo "2510"]
[BlackElo "2389"]
[Annotator "Robot 3"]
[PlyCount "41"]
[EventDate "2009.??.??"]
[WhiteTeam "BAY"]
[BlackTeam "ERF"]
[TimeControl "40/6000+30:20/3000+30:900+30"]

1. d4 d5 2. c4 c6 3. Nc3 Nf6 4. Nf3 dxc4 5. a4 Bf5 6. Ne5 e6 7. f3 Bb4 8. e4
Bxe4 9. fxe4 Nxe4 10. Bd2 Qxd4 11. Nxe4 Qxe4+ 12. Qe2 Bxd2+ 13. Kxd2 Qd5+ 14.
Kc2 Na6 15. Nxc4 O-O 16. Qe5 Rab8 17. Rd1 Nb4+ 18. Kc1 Na2+ 19. Kc2 Nb4+ 20.
Kc1 Na2+ 21. Kc2 1/2-1/2

[Event "Bundesliga-Erfurt"]
[Site "Erfurt/Germany"]
[Date "2009.12.11"]
[Round "7.2"]
[White "Michiels"]
[Black "Marcelin"]
[Result "1/2-1/2"]
[ECO "C48"]
[WhiteElo "2451"]
[BlackElo "2498"]
[Annotator "Robot 3"]
[PlyCount "72"]
[EventDate "2009.??.??"]
[WhiteTeam "ERF"]
[BlackTeam "BAY"]
[TimeControl "40/6000+30:20/3000+30:900+30"]

1. e4 e5 2. Nf3 Nc6 3. Nc3 Nf6 4. Bb5 Bd6 5. O-O O-O 6. d3 h6 7. a3 Re8 8. Be3
Bf8 9. Bc4 d6 10. h3 Be6 11. Bxe6 Rxe6 12. Nd5 Ne7 13. c4 c6 14. Nxf6+ Rxf6 15.
d4 exd4 16. Bxd4 Re6 17. Re1 Ng6 18. Qc2 Nh4 19. Qd3 Qe7 20. Re2 Ng6 21. g3 Re8
22. Rae1 a6 23. Bc3 Ne5 24. Nxe5 dxe5 25. Rd1 Rd6 26. Qxd6 Qxd6 27. Rxd6 Bxd6
28. Rd2 Re6 29. Kf1 f6 30. Ba5 Bc5 31. Rd8+ Kf7 32. Bb4 Bxb4 33. axb4 Re8 34.
Rd7+ Re7 35. Rd8 Re8 36. Rd7+ Re7 1/2-1/2

[Event "Bundesliga-Erfurt"]
[Site "Erfurt/Germany"]
[Date "2009.12.11"]
[Round "7.5"]
[White "Belezky"]
[Black "Enders"]
[Result "1-0"]
[ECO "B31"]
[WhiteElo "2446"]
[BlackElo "2467"]
[Annotator "Robot 3"]
[PlyCount "43"]
[EventDate "2009.??.??"]
[WhiteTeam "BAY"]
[BlackTeam "ERF"]
[TimeControl "40/6000+30:20/3000+30:900+30"]

1. e4 c5 2. Nf3 Nc6 3. Bb5 g6 4. Bxc6 bxc6 5. d3 Bg7 6. O-O d6 7. Nbd2 Nh6 8.
h3 O-O 9. e5 dxe5 10. Re1 Qd5 11. Ne4 c4 12. Nc3 Qd6 13. Nxe5 cxd3 14. Bf4 Nf5
15. Nxd3 Qd8 16. Ne5 Bb7 17. Na4 f6 18. Nd7 Rf7 19. Re6 Kh8 20. Ndc5 Qd4 21.
Be3 Qb4 22. Re4 1-0

[Event "Bundesliga-Erfurt"]
[Site "Erfurt/Germany"]
[Date "2009.12.11"]
[Round "7.6"]
[White "Schoene"]
[Black "Meissner"]
[Result "0-1"]
[ECO "C42"]
[WhiteElo "2274"]
[BlackElo "2410"]
[Annotator "Robot 3"]
[PlyCount "156"]
[EventDate "2009.??.??"]
[WhiteTeam "ERF"]
[BlackTeam "BAY"]
[TimeControl "40/6000+30:20/3000+30:900+30"]

1. e4 e5 2. Nf3 Nf6 3. Nxe5 d6 4. Nf3 Nxe4 5. c4 Be7 6. Qc2 Ng5 7. d4 Nxf3+ 8.
gxf3 Nc6 9. Be3 Bf6 10. Qd2 d5 11. Nc3 Be6 12. O-O-O Ne7 13. Bg5 Bxg5 14. Qxg5
Ng6 15. Qe3 O-O 16. cxd5 Bxd5 17. Nxd5 Qxd5 18. Kb1 Rad8 19. Bd3 Rfe8 20. Be4
Qd6 21. Qc3 Nf4 22. Bxb7 Ne2 23. Qc5 Rb8 24. Bc6 Re6 25. Qxd6 Rxd6 26. Rd2 Nc3+
27. Kc2 Nxa2 28. Be4 Rdb6 29. Rb1 g6 30. b3 Nb4+ 31. Kb2 f5 32. Bd3 Nxd3+ 33.
Rxd3 Kg7 34. Rc1 R8b7 35. Re1 Kf6 36. f4 Rd6 37. Kc3 Ra6 38. Kb2 Rd6 39. Kc3
Rc6+ 40. Kb2 Rb4 41. Ka3 Rb8 42. Kb2 Rd8 43. Rc3 Rcd6 44. Rxc7 Rxd4 45. Rxa7
Rxf4 46. Re2 Rh4 47. Rb7 Rdd4 48. Kc3 Rdf4 49. b4 Rf3+ 50. Re3 Rxf2 51. b5
Rhxh2 52. b6 Rb2 53. Rxh7 Rxh7 54. Kxb2 Rb7 55. Rb3 Ke5 56. Ka3 g5 57. Ka4 g4
58. Ka5 f4 59. Ka6 Rb8 60. Ka7 Rf8 61. b7 g3 62. b8=Q+ Rxb8 63. Rxb8 g2 64. Rg8
f3 65. Kb6 Kd4 66. Kc6 Ke3 67. Kd5 f2 68. Rg3+ Kf4 69. Rxg2 f1=Q 70. Rd2 Qb5+
71. Kd4 Qb4+ 72. Kd3 Qb3+ 73. Ke2 Qf3+ 74. Ke1 Qh1+ 75. Ke2 Ke4 76. Rd1 Qg2+
77. Ke1 Ke3 78. Rd3+ Kxd3 0-1

[Event "Bundesliga-Erfurt"]
[Site "Erfurt/Germany"]
[Date "2009.12.11"]
[Round "7.8"]
[White "Brueggemann"]
[Black "Jorczik"]
[Result "0-1"]
[ECO "C12"]
[WhiteElo "2356"]
[BlackElo "2352"]
[Annotator "Robot 3"]
[PlyCount "82"]
[EventDate "2009.??.??"]
[WhiteTeam "ERF"]
[BlackTeam "BAY"]
[TimeControl "40/6000+30:20/3000+30:900+30"]

1. e4 e6 2. d4 d5 3. Nc3 Nf6 4. Bg5 Bb4 5. e5 h6 6. Be3 Ne4 7. Qg4 Kf8 8. Bd3
Nxc3 9. a3 Ba5 10. Bd2 Na4 11. Bxa5 Nxb2 12. h4 b6 13. Bd2 c5 14. Rh3 h5 15.
Qf4 Nc6 16. Nf3 Qc7 17. Rg3 Nxd3+ 18. cxd3 Ba6 19. Ke2 Ne7 20. Rc1 Nf5 21. Rg5
c4 22. Ke1 Qd7 23. dxc4 Bxc4 24. g4 hxg4 25. Qxg4 Ba6 26. Bb4+ Kg8 27. h5 Rc8
28. Kd2 Rxc1 29. Kxc1 Qc6+ 30. Kb2 Be2 31. Qf4 a5 32. Bd6 Qb5+ 33. Ka1 Qd3 34.
Nd2 Nxd6 35. Rg3 Qf5 36. Qh4 Ne4 37. Nxe4 Qxe4 38. Qg5 Qxd4+ 39. Ka2 Bc4+ 40.
Kb1 Bd3+ 41. Ka2 Qc4+ 0-1

[Event "Bundesliga-Erfurt"]
[Site "Erfurt/Germany"]
[Date "2009.12.11"]
[Round "7.7"]
[White "Lentrodt"]
[Black "Schuetze"]
[Result "0-1"]
[ECO "D91"]
[WhiteElo "2304"]
[BlackElo "2278"]
[Annotator "Robot 3"]
[PlyCount "70"]
[EventDate "2009.??.??"]
[WhiteTeam "BAY"]
[BlackTeam "ERF"]
[TimeControl "40/6000+30:20/3000+30:900+30"]

1. d4 Nf6 2. Nf3 g6 3. c4 Bg7 4. Nc3 d5 5. Bg5 Ne4 6. cxd5 Nxg5 7. Nxg5 e6 8.
Nf3 exd5 9. e3 c6 10. Be2 O-O 11. O-O Be6 12. b4 Nd7 13. a4 Re8 14. Ne1 a5 15.
Nd3 axb4 16. Nxb4 Qa5 17. Qb3 c5 18. Nc2 Bf5 19. Nb5 Qd2 20. Bd1 Bd3 21. Nc7
cxd4 22. Nxe8 Rxe8 23. Bf3 Bxc2 24. Qxb7 Ne5 25. Bxd5 dxe3 26. fxe3 Rf8 27. a5
Bd3 28. a6 Qxe3+ 29. Kh1 Bxf1 30. a7 Ng4 31. Qxf7+ Kh8 32. a8=Q Nf2+ 33. Qxf2
Qxf2 34. h3 Rxa8 35. Rxa8+ Bf8 0-1

[Event "Bundesliga-Hamburg"]
[Site "Hamburg/Germany"]
[Date "2009.12.12"]
[Round "5"]
[White "Vitiugov"]
[Black "Kempinski"]
[Result "1/2-1/2"]
[ECO "A29"]
[WhiteElo "2681"]
[BlackElo "2616"]
[Annotator "Robot 4"]
[PlyCount "106"]
[EventDate "2009.??.??"]
[WhiteTeam "WAT"]
[BlackTeam "HSK"]
[TimeControl "40/6000+30:20/3000+30:900+30"]

1. c4 e5 2. Nc3 Nf6 3. Nf3 Nc6 4. g3 g6 5. d4 exd4 6. Nxd4 Bg7 7. Nxc6 dxc6 8.
Qxd8+ Kxd8 9. e4 Be6 10. Bf4 Kc8 11. Be5 Rd8 12. f4 Ne8 13. Bxg7 Nxg7 14. Be2
f5 15. Kf2 Kd7 16. Rad1+ Ke7 17. e5 Rxd1 18. Rxd1 Rd8 19. Rxd8 Kxd8 20. b4 Bf7
21. c5 Ke7 22. Ke3 Be6 23. a4 a6 24. Bd3 Bb3 25. a5 Be6 26. Ne2 Bd5 27. h3 Bg2
28. Ng1 h5 29. Kf2 Bd5 30. Ne2 Kf7 31. Nc3 Bb3 32. Kf3 Be6 33. Bf1 Ke7 34. Kf2
Bb3 35. Be2 Be6 36. Ke3 Kf7 37. Bf3 Ke7 38. b5 axb5 39. Nxb5 Kd7 40. Nd4 Bc4
41. g4 h4 42. Bg2 Be6 43. g5 Bf7 44. a6 bxa6 45. Nxc6 Bc4 46. e6+ Kxe6 47. Kd4
Bb5 48. Ne5 a5 49. Nxg6 a4 50. Kc3 Kf7 51. Nxh4 Ne6 52. Nxf5 Nxf4 53. Ne3 Kg6
1/2-1/2

[Event "Bundesliga-Hamburg"]
[Site "Hamburg/Germany"]
[Date "2009.12.12"]
[Round "5"]
[White "Macieja"]
[Black "Rogozenco"]
[Result "1-0"]
[ECO "B45"]
[WhiteElo "2618"]
[BlackElo "2541"]
[Annotator "Robot 4"]
[PlyCount "75"]
[EventDate "2009.??.??"]
[WhiteTeam "WAT"]
[BlackTeam "HSK"]
[TimeControl "40/6000+30:20/3000+30:900+30"]

1. e4 c5 2. Nf3 e6 3. d4 cxd4 4. Nxd4 Nf6 5. Nc3 Nc6 6. Nxc6 bxc6 7. e5 Nd5 8.
Ne4 Qc7 9. f4 Qb6 10. c4 Ne3 11. Qd3 Bb4+ 12. Bd2 Ba6 13. Bxb4 Qxb4+ 14. Kf2
Qxb2+ 15. Be2 Nxc4 16. Rhd1 Qb6+ 17. Qd4 O-O 18. Nc5 f6 19. Kg1 fxe5 20. fxe5
Na3 21. Nxa6 Qxd4+ 22. Rxd4 Nc2 23. Rad1 Nxd4 24. Rxd4 Rf5 25. Re4 Kf8 26. g4
Rf7 27. Rb4 d6 28. exd6 Rd8 29. Rd4 Rfd7 30. Nc5 Rxd6 31. Nxe6+ Kg8 32. Re4 Rb8
33. Bc4 Rb1+ 34. Kg2 Rd2+ 35. Kg3 Rg1+ 36. Kh3 Kf7 37. Nd4+ Kf8 38. Nf3 1-0

[Event "Bundesliga-Hamburg"]
[Site "Hamburg/Germany"]
[Date "2009.12.12"]
[Round "5"]
[White "Hansen"]
[Black "Bartel"]
[Result "1-0"]
[ECO "C77"]
[WhiteElo "2552"]
[BlackElo "2609"]
[Annotator "Robot 4"]
[PlyCount "83"]
[EventDate "2009.??.??"]
[WhiteTeam "HSK"]
[BlackTeam "WAT"]
[TimeControl "40/6000+30:20/3000+30:900+30"]

1. e4 e5 2. Nf3 Nc6 3. Bb5 a6 4. Ba4 Nf6 5. Qe2 b5 6. Bb3 Bc5 7. d3 h6 8. c3
O-O 9. O-O Re8 10. Re1 Bb7 11. Nbd2 Bf8 12. a3 d5 13. Ba2 d4 14. Nf1 Qd7 15.
Ng3 Rad8 16. Rd1 g6 17. h3 Bg7 18. Qc2 Nh7 19. c4 b4 20. c5 bxa3 21. bxa3 Na7
22. a4 Nf8 23. Bd2 Ne6 24. Rdb1 Rb8 25. Bc4 Qe7 26. Rb2 Bc6 27. Rxb8 Rxb8 28.
Bxa6 Nxc5 29. Bc4 Bf8 30. h4 Qe8 31. h5 Kh7 32. Qa2 Kg7 33. a5 Bb5 34. Bxh6+
Kxh6 35. Bxf7 Qe7 36. hxg6 Bd7 37. Qd2+ Kg7 38. Rc1 Nb3 39. Bxb3 Rxb3 40. Rxc7
Rb4 41. Kh2 Kxg6 42. Rxd7 1-0

[Event "Bundesliga-Hamburg"]
[Site "Hamburg/Germany"]
[Date "2009.12.12"]
[Round "5"]
[White "Müller"]
[Black "Appel"]
[Result "1/2-1/2"]
[ECO "B03"]
[WhiteElo "2523"]
[BlackElo "2551"]
[Annotator "Robot 4"]
[PlyCount "130"]
[EventDate "2009.??.??"]
[WhiteTeam "HSK"]
[BlackTeam "WAT"]
[TimeControl "40/6000+30:20/3000+30:900+30"]

1. e4 Nf6 2. e5 Nd5 3. d4 d6 4. c4 Nb6 5. exd6 exd6 6. Nc3 Be7 7. Bd3 O-O 8.
Nge2 c6 9. O-O d5 10. c5 N6d7 11. Qc2 Nf6 12. Bg5 h6 13. Bf4 Nh5 14. Be3 Re8
15. Qd2 Nd7 16. g4 Nhf6 17. f3 Nf8 18. Rae1 N6h7 19. Ng3 Bg5 20. Bxg5 Nxg5 21.
Rxe8 Qxe8 22. h4 Ngh7 23. Bf5 Ne6 24. f4 b6 25. Bxh7+ Kxh7 26. f5 Nf8 27. cxb6
axb6 28. g5 Qd8 29. Nh5 Qd6 30. Qf2 Bd7 31. Re1 Kg8 32. Re5 Re8 33. Qe3 Rxe5
34. dxe5 Qb4 35. gxh6 Qxh4 36. Qg3 Qxg3+ 37. Nxg3 gxh6 38. Kg2 h5 39. Kh3 Ng6
40. Na4 b5 41. Nb6 Nxe5 42. Nxd7 Nxd7 43. Nxh5 Kf8 44. Kg3 Ne5 45. b3 b4 46.
Kf4 Nd7 47. f6 Ke8 48. Kf5 Kd8 49. Nf4 Kc7 50. Nh3 Kd6 51. Ng5 Ne5 52. Kf4 c5
53. Kf5 c4 54. bxc4 dxc4 55. Ke4 b3 56. axb3 cxb3 57. Nxf7+ Kc7 58. Kxe5 b2 59.
Ng5 b1=Q 60. f7 Qb2+ 61. Kf5 Qf2+ 62. Kg6 Kd7 63. Nh7 Ke7 64. f8=Q+ Qxf8 65.
Nxf8 Kxf8 1/2-1/2

[Event "Bundesliga-Hamburg"]
[Site "Hamburg/Germany"]
[Date "2009.12.12"]
[Round "5"]
[White "Rustemov"]
[Black "Ftacnik"]
[Result "1-0"]
[ECO "D95"]
[WhiteElo "2532"]
[BlackElo "2532"]
[Annotator "Robot 4"]
[PlyCount "123"]
[EventDate "2009.??.??"]
[WhiteTeam "WAT"]
[BlackTeam "HSK"]
[TimeControl "40/6000+30:20/3000+30:900+30"]

1. d4 Nf6 2. Nf3 g6 3. c4 Bg7 4. Nc3 d5 5. e3 O-O 6. Qb3 e6 7. Bd2 b6 8. cxd5
exd5 9. Qa3 Bb7 10. Rc1 Re8 11. Bb5 c6 12. Be2 Ne4 13. O-O Nxd2 14. Nxd2 a5 15.
Qb3 Nd7 16. Rfd1 Rb8 17. Nf3 f5 18. Bf1 Kh8 19. Ne2 Qf6 20. Nf4 Bf8 21. g3 g5
22. Nd3 Bd6 23. Bg2 Ba8 24. Qc3 h6 25. b4 axb4 26. Nxb4 Bb7 27. Qb3 Rec8 28. a4
Qe7 29. Nd3 Ba6 30. Qc3 Bxd3 31. Qxd3 Qe6 32. Rc2 Nf6 33. Rb1 Ne4 34. Rcb2 Bc7
35. Qc2 Kg8 36. Ne1 c5 37. dxc5 bxc5 38. Rxb8 Bxb8 39. Nf3 Qc6 40. g4 fxg4 41.
Nd2 Bc7 42. Bxe4 dxe4 43. Qc4+ Kh8 44. Nxe4 Ba5 45. Rd1 Rd8 46. Rxd8+ Bxd8 47.
Qc3+ Kg8 48. Nxc5 Bb6 49. Qb3+ Kh8 50. Nd3 Bc7 51. Qb4 Kg8 52. Qxg4 Qd6 53.
Qc4+ Kh7 54. Qe4+ Kg8 55. f4 gxf4 56. exf4 Kf8 57. Kg2 Qd7 58. Ne5 Qd2+ 59. Kh3
Qc3+ 60. Kg4 h5+ 61. Kg5 Bd8+ 62. Kg6 1-0

[Event "Bundesliga-Hamburg"]
[Site "Hamburg/Germany"]
[Date "2009.12.12"]
[Round "5"]
[White "Handke"]
[Black "Heinemann"]
[Result "0-1"]
[ECO "B99"]
[WhiteElo "2513"]
[BlackElo "2484"]
[Annotator "Robot 4"]
[PlyCount "88"]
[EventDate "2009.??.??"]
[WhiteTeam "WAT"]
[BlackTeam "HSK"]
[TimeControl "40/6000+30:20/3000+30:900+30"]

1. e4 c5 2. Nf3 d6 3. d4 cxd4 4. Nxd4 Nf6 5. Nc3 a6 6. Bg5 e6 7. f4 Qc7 8. Qf3
b5 9. Bd3 Nbd7 10. O-O-O Bb7 11. Rhe1 Be7 12. Qg3 b4 13. Nd5 exd5 14. exd5 Kd8
15. Re2 Qc5 16. Qe1 Bf8 17. Ne6+ fxe6 18. dxe6 d5 19. Qh4 Be7 20. exd7 Kxd7 21.
Qh3+ Kc7 22. Qe6 Rae8 23. Qf7 Ne4 24. Qxg7 Kc8 25. Bxe7 Qxe7 26. Qd4 Rhf8 27.
g3 Kb8 28. Re3 Rc8 29. Bxe4 dxe4 30. Qd6+ Qxd6 31. Rxd6 Rf7 32. Rb6 Rc4 33. Rd6
Kc7 34. Rh6 Rc5 35. a3 a5 36. axb4 axb4 37. Rb3 Rc4 38. Rh5 Bc6 39. c3 Rd7 40.
Rxb4 Rxb4 41. cxb4 Re7 42. Kd1 e3 43. Re5 Rxe5 44. fxe5 Bb5 0-1

[Event "Bundesliga-Hamburg"]
[Site "Hamburg/Germany"]
[Date "2009.12.12"]
[Round "5"]
[White "Sebastian"]
[Black "Dinstuhl"]
[Result "0-1"]
[ECO "C55"]
[WhiteElo "2443"]
[BlackElo "2417"]
[Annotator "Robot 4"]
[PlyCount "86"]
[EventDate "2009.??.??"]
[WhiteTeam "HSK"]
[BlackTeam "WAT"]
[TimeControl "40/6000+30:20/3000+30:900+30"]

1. e4 e5 2. Nf3 Nc6 3. Bc4 Nf6 4. d3 Be7 5. O-O O-O 6. Re1 d6 7. c3 h6 8. Bb3
Nh7 9. Be3 Ng5 10. Nbd2 Bf6 11. h3 Nxf3+ 12. Nxf3 Bd7 13. d4 Re8 14. Bc2 a6 15.
Qd2 Qe7 16. d5 Na5 17. b3 b5 18. c4 Nb7 19. cxb5 axb5 20. b4 Rec8 21. Bb3 c5
22. dxc6 Bxc6 23. Bd5 Qd7 24. Rac1 Nd8 25. Red1 Ne6 26. Qd3 Bb7 27. Rxc8+ Rxc8
28. Bb3 Qe8 29. Nd2 Nd4 30. Bd5 Rc3 31. Qf1 Bc6 32. Nb1 Rc2 33. Bxd4 exd4 34.
Na3 Rb2 35. Bxc6 Qxc6 36. Qxb5 Qxe4 37. Nc4 Rb1 38. Rxb1 Qxb1+ 39. Kh2 Qxa2 40.
Qe8+ Kh7 41. Nxd6 Qxf2 42. Qe4+ g6 43. Qd5 Bg5 0-1

[Event "Bundesliga-Heidelberg"]
[Site "Heidelberg/Germany"]
[Date "2009.12.12"]
[Round "5.1"]
[White "Bobras"]
[Black "Bacrot"]
[Result "0-1"]
[ECO "C67"]
[WhiteElo "2537"]
[BlackElo "2709"]
[Annotator "Robot 4"]
[PlyCount "66"]
[EventDate "2009.??.??"]
[WhiteTeam "TRI"]
[BlackTeam "BAD"]
[TimeControl "40/6000+30:20/3000+30:900+30"]

1. e4 e5 2. Nf3 Nc6 3. Bb5 Nf6 4. O-O Nxe4 5. d4 Nd6 6. Bxc6 dxc6 7. dxe5 Nf5
8. Qxd8+ Kxd8 9. Nc3 Bd7 10. Rd1 Kc8 11. Ng5 Be8 12. b3 b6 13. Bb2 h5 14. Rd3
Be7 15. Nge4 Bd7 16. Rad1 Be6 17. Bc1 a5 18. Bg5 Bb4 19. Na4 Kb7 20. f3 Rae8
21. g3 Ne7 22. c3 Ba3 23. Bc1 Bxc1 24. Rxc1 Bf5 25. Re3 Ng6 26. f4 Re7 27. Rce1
Rd8 28. Kf2 Nf8 29. Ng5 Bg4 30. Nf3 Red7 31. Nb2 Ng6 32. R1e2 Ne7 33. Ke1 Nf5
0-1

[Event "Bundesliga-Heidelberg"]
[Site "Heidelberg/Germany"]
[Date "2009.12.12"]
[Round "5.4"]
[White "Vallejo Pons"]
[Black "Jaracz"]
[Result "1/2-1/2"]
[ECO "D30"]
[WhiteElo "2696"]
[BlackElo "2547"]
[Annotator "Robot 4"]
[PlyCount "49"]
[EventDate "2009.??.??"]
[WhiteTeam "BAD"]
[BlackTeam "TRI"]
[TimeControl "40/6000+30:20/3000+30:900+30"]

1. c4 Nf6 2. g3 e6 3. Nf3 d5 4. Bg2 dxc4 5. Qa4+ c6 6. Qxc4 b5 7. Qc2 Bb7 8. d4
Nbd7 9. a4 c5 10. O-O b4 11. Bg5 Rc8 12. Nbd2 Be7 13. Qd3 O-O 14. Rfc1 cxd4 15.
Qxd4 Qa5 16. Nb3 Rxc1+ 17. Bxc1 Qa6 18. Bf1 Rc8 19. Bf4 Bd5 20. e4 Bc4 21. Bxc4
Rxc4 22. Qd3 Qc8 23. Re1 h6 24. Re2 g5 25. Bd2 1/2-1/2